[Event "Bangabandhu Premier Div League 2022"]
[Site "Dhaka"]
[Date "2022.12.10"]
[Round "11.6"]
[White "Masum, Hossain"]
[Black "Habibur Rahman, Sohel"]
[Result "1/2-1/2"]
[ECO "E76"]
[WhiteElo "2103"]
[BlackElo "1871"]
[Annotator "TA"]
[PlyCount "85"]
[EventDate "2022.11.30"]
[EventType "team-tourn"]
[EventCountry "BAN"]
[SourceTitle "playchess.com"]
[Source "ChessBase"]
[SourceQuality "1"]
[TimeControl "40/5400+30:1800+30"]

1. d4 Nf6 2. c4 c5 3. d5 d6 4. Nc3 g6 5. e4 Bg7 6. f4 O-O 7. Nf3 Bg4 8. Bd3 Nbd7 {[%emt 0:01:25] E76: King's Indian: Four Pawns Attack: Lines specific to 6 Nf3 move-order.} 9. h3 Bxf3 10. Qxf3 a6 {[%emt 0:00:34] White is slightly better.} 11. Bd2 Qc7 12. O-O {[%emt 0:04:58] [#]} b5 $146 ({Predecessor:} 12... Kh8 13. a4 a5 14. Nb5 Qd8 15. Bc3 Ne8 16. Bxg7+ Kxg7 17. Rae1 f6 18. h4 Nc7 19. Nc3 {1-0 (59) Kucharska,H (1687)-Gornisiewicz,N (1485) Sypniewo 2022}) 13. b3 (13. cxb5 c4 14. Bc2 axb5 $11) 13... b4 14. Na4 a5 15. Rae1 Rab8 16. Bc1 Nb6 17. Nxb6 Rxb6 18. Bb2 Nd7 19. Bxg7 Kxg7 20. Qe3 f6 (20... e5 $14) 21. Be2 (21. h4 $142 $1) 21... Ra6 22. Bg4 a4 23. Bxd7 {[%emt 0:00:41] White is more active.} (23. h4 $16) 23... Qxd7 $14 24. e5 axb3 25. e6 ({White should play} 25. axb3 $14 Raa8 26. Rf2) 25... Qa7 $15 26. axb3 Ra2 27. f5 (27. g4 $15) 27... Qa3 $17 28. fxg6 hxg6 29. Qg3 (29. Rf4 $142) 29... Rh8 (29... Ra8 $142 {Strongly threatening ...Rc2.} 30. Re4 Ra1 31. Rxa1 Qxa1+ 32. Kh2 Qb2) 30. Re4 (30. Kh2 $142) 30... Rb2 31. Rg4 $2 (31. Re3 $17 {is a better chance.}) 31... Rh6 $19 (31... Qxb3 32. Rxg6+ Kf8 33. Rfxf6+ $1 exf6 34. Qxd6+ Ke8 35. Qd7+ Kf8 36. Qf7#) 32. Rxf6 (32. Rgf4 $142 Qxb3 33. Qxb3 Rxb3 34. Rc1) 32... exf6 (32... Kxf6 33. Qf4+ Kg7 34. Qf7+ Kh8 35. Qe8+ Kg7 36. Qf7+ Kh8 37. Qf8+ Kh7 38. Qxe7+ Kh8 39. Qe8+ (39. Qxd6 Rb1+ 40. Kh2 Qc1 $11) 39... Kh7 40. Qf7+ Kh8 41. Qf6+ (41. Rxg6 Qa1+ 42. Qf1 Qxf1+ 43. Kxf1 Rxg6 44. e7 Rg8 45. h4 Rxb3 46. Ke2 Re8 47. h5 Ra3 48. g4 Rxe7+ 49. Kf1 b3 50. g5 b2 51. Kg2 b1=Q 52. Kf2 Qe1+ 53. Kg2 Re2#) 41... Kh7 42. Qf7+ Kh8 43. e7 (43. Rxg6 Qa1+ 44. Qf1 Qxf1+ 45. Kxf1 Rxg6 46. e7 Rg8 47. h4 Re8 48. Kg1 Rxe7 49. h5 Rg7 50. Kh2 Rbxg2+ 51. Kh3 Rg1 52. Kh2 R1g5 53. h6 Rh5#) 43... Qa1+ 44. Qf1 $18 (44. Kh2 Rxh3+ 45. Kxh3 Qh1+ 46. Kg3 Rxg2+ 47. Kf3 Qf1+ 48. Ke4 Qe2+ 49. Kf4 Rxg4#)) 33. Qxd6 Rxh3 $4 34. Qc7+ $4 (34. Qe7+ $18 Kh6 35. Qf8+ Kh5 36. Qh8+ Kxg4 37. Qxh3+ Kf4 38. Qf3+ Kg5 39. Qe3+ Kh5 40. e7 Rxb3 41. Qe2+ (41. e8=Q Rxe3 42. Qh8+ Kg4 43. Kf2 Qc1) 41... Kg5 42. e8=Q Qc1+ 43. Qe1 Qxe1+ 44. Qxe1) 34... Kh6 35. Qf4+ {[%emt 0:00:31] [#]} Kh5 $1 {[%emt 0:02:04] ( -> ...Qa1+)} (35... Kg7 36. Rxg6+ (36. gxh3 $2 Qa1+ 37. Qf1 Rb1 $19) (36. Qc7+ $2 Kh6 $19) 36... Kh7 37. Rh6+ Rxh6 38. Qc7+ Kh8 39. Qd8+ Kh7 40. Qc7+ Kh8 41. Qd8+ Kh7 42. Qc7+ $11) 36. gxh3 {[%emt 0:25:10][%mdl 4096] Endgame KQR-KQR} Qa1+ 37. Qf1 Rb1 38. Rf4 g5 39. e7 Rxf1+ (39... gxf4 40. e8=Q+ (40. e8=B+ {is a self mate.} Kh4) 40... Kh6 41. Qh8+ Kg6 42. Qe8+ (42. Qg8+ Kh6 $11) 42... Kh6 43. Qf8+ (43. Qh8+ Kg6 $11) 43... Kh5 44. Qf7+ (44. Qh8+ Kg6 $11) 44... Kh6 45. Qxf6+ (45. Qf8+ Kh7 $11) 45... Qxf6 46. Qxb1 $11) 40. Rxf1 Qe5 41. d6 Qe6 $2 (41... Qxd6 42. e8=Q+ (42. e8=B+ $2 {too greedy.} Kh4 $19) 42... Kh6 43. Kg2 $18) (41... Qe3+ $19 42. Kg2 Kg6) 42. Rxf6 $11 {[%emt 0:01:20][%mdl 64] The board is on fire.} Qe1+ 43. Kg2 {[%emt 0:00:52] Weighted Error Value: White=0.83/Black=0.53} 1/2-1/2

[Event "Bangabandhu Premier Div League 2022"]
[Site "Dhaka"]
[Date "2022.12.10"]
[Round "11.7"]
[White "Harikrishnan.A.Ra"]
[Black "Narayanan.S.L"]
[Result "0-1"]
[ECO "A43"]
[WhiteElo "2409"]
[BlackElo "2673"]
[Annotator "TA"]
[PlyCount "80"]
[EventDate "2022.12.01"]
[EventCountry "BAN"]
[SourceTitle "playchess.com"]
[Source "ChessBase"]
[SourceQuality "1"]
[TimeControl "40/5400+30:1800+30"]

1. d4 Nf6 2. Nf3 c5 3. d5 b5 4. e4 Nxe4 5. Bd3 Nf6 6. Bxb5 {[%emt 0:00:09] A43: Schmid Benoni.} g6 7. c4 Bg7 8. O-O {[%emt 0:00:04] White is slightly better.} O-O 9. Re1 d6 10. Bd2 {[%emt 0:00:30] [#]} a6 $146 ({Predecessor:} 10... Nbd7 11. Bc3 Rb8 12. Nbd2 Bb7 13. Qe2 Re8 14. Ng5 h6 15. Nxf7 Kxf7 16. Qe6+ Kf8 17. Bxd7 Qxd7 18. Bxf6 Qxe6 19. Bxg7+ Kxg7 20. dxe6 {1-0 (34) Harikrishnan,A (2396)-Varvaglione,A (2116) Novi Sad 2022}) 11. Ba4 e5 12. dxe6 Bxe6 13. Qc1 (13. Bf4 $14) 13... Bg4 14. Bd1 Nc6 15. Bc3 Nb4 {[%emt 0:01:00] [#] aiming for ...Nd3.} 16. Qd2 {[%emt 0:01:30] Prevents Nd3.} (16. Be2 $11 {remains equal.}) 16... Bf5 $17 17. Bxb4 cxb4 18. Bc2 {[%emt 0:01:00] Against Ne4} (18. Qxb4 $15 Ne4 19. Nc3) 18... Bg4 {[%emt 0:00:30] Hoping for ...Bxf3. A strong pair of Bishops.} 19. Qf4 Bxf3 20. Qxf3 Nd7 21. Nd2 Bxb2 22. Rab1 Bc3 23. Red1 Rc8 {[%emt 0:01:30] And now ...Bxd2 would win.} 24. Ne4 Ne5 $1 25. Qh3 Nxc4 {[%emt 0:01:00] [#] Strongly threatening ...Na3.} (25... Rxc4 $2 26. Rxd6 $18 (26. Nxd6 Rh4 $15) (26. Nxd6 Rh4 $15)) 26. Bb3 (26. Nxc3 $15 bxc3 27. Qxc3) 26... d5 27. Rbc1 Re8 ({Better is} 27... dxe4 $17 28. Rxd8 Rfxd8) 28. Nxc3 $15 bxc3 29. Qxc3 Qg5 30. Qg3 Qf5 {[%emt 0:00:30] Black is more active.} 31. h3 h5 (31... Re2 {with more complications.} 32. Rf1 h5 33. Qc3 Nd6) 32. Rc3 Re5 (32... Re2 $17) 33. Qd3 Qe6 34. Qd4 Kh7 (34... a5 {feels hotter.} 35. Kh2 Re8 36. f4 Re3) 35. Rf3 Rc7 36. Kh2 a5 37. Qf4 (37. Rf4 $11) 37... Nb6 {[%emt 0:01:30][%cal Oa5a4] Threatens to win with ...a4!} 38. Re3 {[%emt 0:01:00] Prevents a4.} (38. Re1 $15 Rxe1 39. Qxc7) 38... Rxe3 $17 39. Qxe3 (39. fxe3 $17 {was the crucial defense.} Re7 40. Rd3) 39... a4 $19 40. Qf4 Rc8 {[%emt 0:00:00] Weighted Error Value: White=0.34/Black=0.11 (very precise)} 0-1

[Event "Bangabandhu Premier Div League 2022"]
[Site "Dhaka"]
[Date "2022.12.10"]
[Round "11.7"]
[White "Abdul, Momin"]
[Black "Aaryan Varshney"]
[Result "0-1"]
[ECO "C54"]
[WhiteElo "1900"]
[BlackElo "2312"]
[Annotator "TA"]
[PlyCount "84"]
[EventDate "2022.11.30"]
[EventType "team-tourn"]
[EventCountry "BAN"]
[SourceTitle "playchess.com"]
[Source "ChessBase"]
[SourceQuality "1"]
[TimeControl "40/5400+30:1800+30"]

1. e4 e5 2. Nf3 Nc6 3. Bc4 Bc5 4. O-O Nf6 5. d3 O-O 6. c3 d6 7. h3 h6 8. Re1 a5 {[%emt 0:01:17] 8...Bb6 is the recent fashion. C54: Giuoco Piano: 4 c3 Nf6, main lines with 5 d4 and 5 d3.} 9. Bb3 Ba7 10. a4 Be6 {[%emt 0:00:28] The position is equal.} 11. Bc2 Re8 12. Na3 (12. d4 $5 exd4 13. Nxd4 $11) 12... d5 {[%emt 0:00:56] [#]} 13. Nb5 $146 ({Predecessor:} 13. Qe2 Qd7 14. Bb1 Rad8 15. Nb5 Bb6 16. Qc2 dxe4 17. dxe4 Bxh3 18. gxh3 Qxh3 19. Nh2 {0-1 (30) Miller,R (1961)-Varela la Madrid,T (2079) Chennai 2022}) 13... Bb6 14. Qe2 Qd7 15. Bd2 Rad8 16. Rad1 Qc8 17. Nh4 {[%emt 0:03:43] [#]} (17. Bc1 $11) 17... Ne7 (17... Bxh3 $1 $19 {[%mdl 512] aiming for ...Bg4.} 18. Be3 (18. gxh3 $2 Qxh3 19. Qf3 Qxh4 $19) 18... d4 19. cxd4 exd4 20. Bxh6 Qg4 21. Qxg4 Bxg4) 18. Kh2 (18. Qf3 $15) 18... c6 $17 19. Na3 g5 20. exd5 (20. Nf3 $17) 20... cxd5 (20... Nexd5 21. Nf3 $17) ({Black should try} 20... Bxd5 $19 21. Nf3 Ng6) 21. Nf3 Ng6 $36 {[%emt 0:00:54][%cal Oe5e4][%mdl 2048] Hoping for ...e4! Black is in control. Black is more active.} 22. Nb5 {[%emt 0:00:43] Against e4} Bf5 {[%emt 0:02:14] Against d4} (22... e4 $6 23. Nfd4 $11) 23. Nxg5 $2 hxg5 24. Bxg5 Nh7 25. Bxd8 Qxd8 26. Qh5 (26. Qf3 $17 Nf4 27. Rxe5 Rxe5 28. Qxf4) 26... Qf6 $2 ({Better is} 26... Ng5 $1 $19 {White must now prevent ...Nf4.} 27. h4 Nxh4) 27. Qh6 {[%emt 0:04:47] [#]} (27. Nd6 $1 $15 Qxd6 28. Qxf5) 27... Bd7 ({Worse is} 27... Bxf2 28. Rf1 Bh4 29. g3 $11) (27... Re6 $1 $19 {[%cal Of5h3] and Black stays clearly on top. Threatens to win with ...Bxh3!} 28. Rg1 Bxf2) 28. d4 {[%emt 0:02:21] [#]} e4 29. Kg1 Bxb5 30. axb5 Bc7 {[%emt 0:00:00] Prevents f3.} 31. c4 (31. Ra1 $1 $15) 31... Qf5 32. f3 Ng5 {[%emt 0:00:00] The board is on fire.} 33. h4 $2 {[%emt 0:10:12] [#]} (33. cxd5 $17 Bg3 34. Rxe4 Rxe4 35. Bxe4) 33... Nxf3+ $1 $19 34. gxf3 Bf4 ({Inferior is} 34... Qxf3 35. Qg5 $11) 35. Qxg6+ Qxg6+ {[%emt 0:00:00] Black mates.} 36. Kh1 Qh6 37. Rg1+ Kf8 38. fxe4 Qxh4+ 39. Kg2 Qg3+ 40. Kf1 Qf3+ 41. Ke1 dxe4 42. d5 e3 {[%emt 0:00:11] Weighted Error Value: White=0.64/Black=0.27 (precise)} 0-1

[Event "Bangabandhu Premier Div League 2022"]
[Site "Dhaka"]
[Date "2022.12.10"]
[Round "11.8"]
[White "Idani, Pouya"]
[Black "Asif, Mahmud"]
[Result "1/2-1/2"]
[ECO "C84"]
[WhiteElo "2631"]
[BlackElo "1926"]
[Annotator "TA"]
[PlyCount "107"]
[EventDate "2022.12.01"]
[EventCountry "BAN"]
[SourceTitle "playchess.com"]
[Source "ChessBase"]
[SourceQuality "1"]
[TimeControl "40/5400+30:1800+30"]

1. e4 e5 2. Nf3 Nc6 3. Bb5 a6 4. Ba4 Nf6 5. O-O Be7 6. d3 b5 7. Bb3 d6 8. a3 {[%emt 0:00:00] C84: Closed Ruy Lopez: Unusual White 6th moves.} Bg4 9. Be3 {[%emt 0:01:00] Inhibits Nd4.} Na5 10. Ba2 {[%emt 0:00:00] The position is equal.} c5 11. Nc3 Nc6 {[%emt 0:06:12] [#]} 12. h3 $146 ({Predecessor:} 12. Nd5 Nd4 13. Bxd4 cxd4 14. c4 dxc3 15. Nxc3 O-O 16. Nd5 Rc8 17. Ne3 Be6 18. Bxe6 fxe6 {½-½ (51) Bukowska,K (1842)-Tomalak,S (1554) Polanica Zdroj 2022}) 12... Bh5 13. Nd5 {[%emt 0:00:00] White is more active.} (13. g4 $5 Bg6 14. Nh4 $16) 13... Nd4 (13... Nxd5 $11 14. Bxd5 Rc8) 14. g4 $16 Bg6 15. Nxe7 (15. b4 {with more complications.} h5 16. g5 Nxd5 17. Bxd5 Rc8 18. Nh4) 15... Qxe7 16. Nxd4 cxd4 17. Bg5 h5 18. Qf3 hxg4 19. hxg4 Qd7 20. Bxf6 gxf6 21. Kg2 Ke7 {[%emt 0:00:00][%cal Og6h5] [#] aiming for ...Bh5!} ({Much less strong is} 21... Rh4 22. Kg3 (22. Qxf6 $2 Qxg4#) 22... Rh7 23. Qxf6 $16) 22. Rh1 {[%emt 0:00:00] Prevents Bh5.} Rag8 {[%emt 0:00:00] ...Bh5 is the strong threat.} 23. Rxh8 Rxh8 24. Rg1 Qc8 25. Qe2 Rh4 26. Kf1 Qh8 27. Ke1 Qh6 {[%emt 0:00:00] [#] Hoping for ...Qc1+.} 28. Qd2 {[%emt 0:00:00] Prevents Qc1+.} Qg5 29. Qxg5 fxg5 $11 {[%emt 0:00:00][%mdl 4096] Endgame KRB-KRB} 30. Bd5 Rh8 31. b4 f6 32. Kd2 Bf7 33. Bb7 Rb8 34. Bxa6 Kf8 (34... Kd7 $11 {keeps the balance.}) 35. Rc1 (35. Rh1 $16) 35... Be6 {[%emt 0:00:32] Inhibits a4.} 36. c4 dxc3+ 37. Rxc3 Bxg4 38. Rc7 Ke8 39. Rh7 {[%emt 0:00:00] And now Rh8+ would win.} Rb6 40. Bb7 Bd7 41. Bd5 Ra6 42. Rf7 Rxa3 43. Rxf6 Ke7 44. Rf7+ Ke8 45. Rg7 g4 46. Bf7+ Kf8 47. Rh7 Ra1 48. Bh5 Be6 49. Rb7 Ra2+ 50. Ke3 Ra3 51. Rb8+ Ke7 52. Rxb5 (52. Ke2 $11) 52... Bc4 $1 $15 53. Rb7+ Kf6 {[%emt 0:00:00][%mdl 1024] Black has compensation.} 54. Kd2 $1 {[%emt 0:00:00] Weighted Error Value: White=0.09 (flawless) /Black=0.08 (flawless)} (54. Bxg4 $2 {is the wrong capture.} Rxd3+ 55. Ke2 Rg3+ 56. Ke1 Rg1+ 57. Kd2 Rxg4 $19) 1/2-1/2

[Event "Bangabandhu Premier Div League 2022"]
[Site "Dhaka"]
[Date "2022.12.10"]
[Round "11.8"]
[White "Kushagra Mohan"]
[Black "Warsia, Khusbu"]
[Result "1-0"]
[ECO "B30"]
[WhiteElo "2390"]
[BlackElo "1540"]
[Annotator "TA"]
[PlyCount "99"]
[EventDate "2022.11.30"]
[EventType "team-tourn"]
[EventCountry "BAN"]
[SourceTitle "playchess.com"]
[Source "ChessBase"]
[SourceQuality "1"]
[TimeControl "40/5400+30:1800+30"]

1. e4 c5 2. Nc3 Nc6 3. Bb5 Nd4 4. Nf3 e6 5. O-O a6 6. Bd3 g6 {[%emt 0:00:00] B30: Sicilian: 2...Nc6 3 Bb5, lines without ...g6.} 7. Nxd4 cxd4 8. Ne2 Bg7 {[%emt 0:00:00] White is slightly better.} 9. c3 dxc3 10. bxc3 Ne7 11. Bc2 O-O 12. d4 d5 13. e5 {[%emt 0:00:36] [#]} h6 $146 (13... Bd7 $14) ({Predecessor:} 13... Bd7 14. a4 Rc8 15. Kh1 Qc7 16. Ba3 Rfe8 17. Bd6 Qd8 18. Qd2 Nf5 19. Ba3 h5 {1-0 (51) Pridorozhni,A (2590)-Ozer,O (2317) Chess.com INT 2020}) 14. Rb1 b5 15. a4 (15. h4 $16) 15... Bd7 16. Ba3 Re8 17. Bc5 Nf5 18. axb5 Bxb5 19. Ba4 (19. Re1 {is more complex.} Qg5 20. Ba3 Nh4 21. Ng3) 19... Bxa4 20. Qxa4 Qg5 21. Rb7 {[%emt 0:05:59] aiming for Qd7.} Nh4 (21... Bf8 $11) 22. Ng3 $16 {[%emt 0:00:51] Hoping for Qd7. Active counter play!} Qf4 $2 {[%emt 0:00:00] [#]} (22... Bf8 $16 {was called for.}) 23. Qb3 $2 ({White has to play} 23. Ba3 $1 $18) 23... Rec8 $11 24. Be7 Nf5 $40 {[%emt 0:00:00][%mdl 128] Black mounts an attack.} 25. Nxf5 Qxf5 26. Rd1 a5 27. h3 h5 28. Bd6 g5 29. Re1 (29. Qb2 $11) 29... g4 (29... a4 $17 30. Qb2 g4 31. hxg4 hxg4) 30. hxg4 $15 hxg4 31. Bc5 ({White should play} 31. Qb1) 31... Bh6 32. Qb1 {[%emt 0:01:56] [#]} Qh5 33. c4 dxc4 {[%emt 0:00:00] And now ...c3 would win.} 34. Re4 (34. d5 $17 Qg6 35. dxe6 (35. Qxg6+ $2 fxg6 36. Ba3 exd5 $19) 35... Qxb1 36. exf7+ Kh8 37. Rbxb1 Rxc5 38. e6) 34... Qf5 {[%emt 0:00:00] White must now prevent ...c3.} 35. Qe1 {[%emt 0:03:35] Inhibits c3.} (35. Re2 Qd3 36. Ra2) 35... Kh8 (35... c3 $142 36. Qb1 a4) 36. Qe2 (36. f3 gxf3 37. Rh4) 36... Rg8 {[%emt 0:00:00] Threatens to win with ...Rab8.} 37. Be7 Kh7 38. Bf6 $2 (38. Qc2 a4 39. Re2) 38... Qg6 $4 {[%emt 0:00:00][%mdl 8192] [#]} (38... Rab8 $19 39. Rxb8 (39. Rxf7+ $2 {perishes.} Kg6 $19) 39... Rxb8 40. Rxg4 c3) 39. Rxg4 $3 $18 {[%emt 0:03:37][%mdl 576] Deflection} Qxg4 40. Rxf7+ Kg6 41. Rg7+ Bxg7 42. Qxg4+ Kf7 43. Bxg7 {[%emt 0:01:58][%cal Od4d5] d5! is the strong threat.} Rae8 {[%emt 0:00:45] [#] Inhibits d5.} 44. d5 $1 {[%emt 0:01:14] White threatens dxe6+ and mate.} exd5 (44... Rxg7 45. dxe6+) 45. Qd7+ Kg6 46. e6 (46. Bf6 $142 Kh6 47. g4 Ref8 48. Qf5 Rxf6 49. exf6 Rg5 50. Qe6 Rg6 51. f4) 46... a4 47. Qf7+ {[%emt 0:00:23] White mates.} Kg5 48. Qf6+ Kh5 49. Qf5+ Kh4 50. g3# {[%emt 0:00:03] Weighted Error Value: White=0.69/Black=0.70} 1-0

[Event "Bangabandhu Premier Div League 2022"]
[Site "Dhaka"]
[Date "2022.12.10"]
[Round "11.9"]
[White "Anata, Choudhury"]
[Black "Haque, Rezaul"]
[Result "1-0"]
[ECO "C41"]
[WhiteElo "2176"]
[BlackElo "1949"]
[Annotator "TA"]
[PlyCount "33"]
[EventDate "2022.11.30"]
[EventType "team-tourn"]
[EventCountry "BAN"]
[SourceTitle "playchess.com"]
[Source "ChessBase"]
[SourceQuality "1"]
[TimeControl "40/5400+30:1800+30"]

1. e4 d6 2. d4 Nf6 3. Nc3 e5 4. Nf3 Bg4 5. dxe5 Bxf3 {[%emt 0:00:05][%mdl 64] [#] Remove Defender} 6. Qxf3 {[%emt 0:00:09] C41: Philidor Defence.} (6. gxf3 {simplifies} dxe5 7. Qxd8+ Kxd8 8. Rg1) 6... dxe5 7. Bd2 c6 8. O-O-O {[%emt 0:00:19] White is better.} Nbd7 9. g4 {[%emt 0:00:34][%cal Bg2g4,Bg4g5,Bg5g6][%mdl 32] [#] g5 is the strong threat.} Nc5 $146 ({Predecessor:} 9... h6 10. h4 Qc7 11. Bh3 Nb6 12. g5 Nfd7 13. Be3 Bc5 14. Kb1 Bxe3 15. Qxe3 O-O-O {1-0 (34) Abu Sufian,S (2325)-Haque,R (2108) Dhaka 2015}) 10. g5 Nfd7 11. Be3 Qc7 12. h4 {[%emt 0:00:55][%cal Bh2h4,Bh4h5,Bh5h6][%mdl 32] White has more active pieces. The black rooks are badly placed.} Be7 (12... Ne6 $16) 13. h5 $36 {[%emt 0:06:58][%cal Og5g6][%mdl 2048] Strongly threatening g6! White is in control.} O-O (13... Rf8 {is a better defense.} 14. Bh3 b5) 14. g6 b5 15. Bh3 (15. gxh7+ $18 {is more deadly.} Kxh7 16. Bh3) 15... Nf6 $2 (15... fxg6 $16 16. Qg3 gxh5) 16. gxh7+ Kxh7 $2 (16... Nxh7 {was necessary.} 17. Rhg1 Ne6 18. Bxe6 fxe6) 17. h6 {[%emt 0:02:12] Weighted Error Value: White=0.20 (precise) /Black=0.70} 1-0

[Event "Bangabandhu Premier Div League 2022"]
[Site "Dhaka"]
[Date "2022.12.10"]
[Round "11.10"]
[White "Rahman, Siddiqur"]
[Black "Koustav Chatterjee"]
[Result "0-1"]
[ECO "E12"]
[WhiteElo "1970"]
[BlackElo "2496"]
[Annotator "TA"]
[PlyCount "80"]
[EventDate "2022.11.30"]
[EventType "team-tourn"]
[EventCountry "BAN"]
[SourceTitle "playchess.com"]
[Source "ChessBase"]
[SourceQuality "1"]
[TimeControl "40/5400+30:1800+30"]

1. d4 Nf6 2. c4 b6 3. Nc3 Bb7 4. Nf3 e6 5. a3 g6 6. Bg5 Bg7 {[%emt 0:01:30] 6...h6 is the hot move.} 7. e3 d6 {[%emt 0:00:57] has lost popularity (7...h6). E12: Queen's Indian: Unusual White 4th moves, 4 a3, 4 Nc3 Bb7 5 a3 and 4 Nc3 Bb7 .} 8. Be2 Nbd7 9. O-O h6 {[%emt 0:01:23] The position is equal.} 10. Bh4 O-O (10... g5 $5 11. Bg3 Nh5 $11) 11. Qc2 g5 12. Bg3 Nh5 {[%emt 0:00:13] [#]} 13. h3 $146 ({Predecessor:} 13. Rad1 Qe7 14. Nd2 Nxg3 15. hxg3 c6 16. Rfe1 f5 17. b4 Qf7 18. Qb3 Nf6 19. a4 Rad8 20. Qa3 g4 21. a5 Bc8 22. Qa2 {½-½ (22) Prizant,J (2483)-Tomashevsky,E (2444) Essentuki 2003}) 13... f5 (13... Nxg3 $11 14. fxg3 c5) 14. Bh2 $14 g4 15. hxg4 fxg4 16. Nd2 (16. Qg6 $2 gxf3 17. Qxe6+ (17. Bxf3 $2 Rxf3 18. gxf3 Bxf3 $19) 17... Kh8 18. gxf3 Rg8 $19) 16... g3 17. Bxh5 ({Better is} 17. fxg3 $16 Qg5 18. Bf3 Bxf3 19. Rxf3) 17... gxh2+ $11 18. Kh1 $1 Bxg2+ 19. Kxg2 {[%emt 0:00:05] Hoping for Kh1.} Qg5+ 20. Kh1 $1 Qxh5 {[%emt 0:00:08] Active counter play!} 21. Qe4 ({White should try} 21. Nb5 $11) 21... Rae8 (21... e5 $1 $15) 22. f4 c5 (22... Nf6 $5 23. Qc6 Ng4 $11) 23. Rf2 {[%emt 0:22:36] [#]} (23. Qg2 $11) 23... Nf6 $1 $17 {[%emt 0:02:56] Black keeps a firm grip on the game.} 24. Qf3 (24. Qd3 $17) 24... Qxf3+ $19 25. Rxf3 cxd4 26. exd4 Ng4 27. Ne2 {[%emt 0:00:00] [#]} (27. Nde4 $17) 27... e5 $1 28. fxe5 dxe5 29. d5 Rxf3 30. Nxf3 e4 31. Nxh2 ({But not} 31. Nfd4 $2 Be5 32. Rf1 e3 $19) 31... Nxh2 ({Inferior is} 31... Bxb2 32. Rg1 h5 33. Nxg4 hxg4 34. a4 $11) 32. Kxh2 Bxb2 {[%emt 0:00:13][%mdl 4096] Endgame KRB-KRN} 33. Ra2 Be5+ 34. Kh3 (34. Kg2 $17) 34... Rf8 {[%emt 0:01:04] Threatens to win with ...Rf2.} 35. Ng1 Rf1 {[%emt 0:00:40] Inhibits a4.} 36. Ne2 (36. Kg2 {is a better defense.} Rc1 37. Ne2 Rxc4 38. Ng3) 36... Rf2 {[%emt 0:00:25] White must now prevent ...e3.} 37. Kg4 Kg7 38. Nc1 Rf1 39. Ne2 $2 (39. Rg2) 39... Kg6 {[%emt 0:00:11] ( -> ...Rf3)} 40. a4 Rf3 {[%emt 0:00:24] Weighted Error Value: White=0.79/Black=0.23 (precise)} 0-1

[Event "Bangabandhu Premier Div League 2022"]
[Site "Dhaka"]
[Date "2022.12.10"]
[Round "11.11"]
[White "Mohammad Nubairshah Shaikh"]
[Black "Swarnavo Choudhury"]
[Result "1-0"]
[ECO "A36"]
[WhiteElo "2439"]
[BlackElo "1977"]
[Annotator "TA"]
[PlyCount "57"]
[EventDate "2022.11.30"]
[EventType "team-tourn"]
[EventCountry "BAN"]
[SourceTitle "playchess.com"]
[Source "ChessBase"]
[SourceQuality "1"]
[TimeControl "40/5400+30:1800+30"]

1. c4 c5 2. g3 Nc6 3. Bg2 g6 4. Nc3 Bg7 5. a3 Nf6 6. Rb1 a5 {[%emt 0:06:32] 6...0-0 might become the main line.} 7. e4 d6 {[%emt 0:03:45] A36: Symmetrical English vs ...g6: 4 Bg2 Bg7.} 8. Nge2 O-O 9. O-O Nd7 {[%emt 0:05:28] The position is equal.} 10. d3 {[%emt 0:00:30] [#]} Ndb8 $146 ({Predecessor:} 10... Re8 11. Nb5 Nf8 12. Be3 Ne6 13. Qd2 Ncd4 14. Nbxd4 Nxd4 15. Nxd4 cxd4 16. Bh6 a4 17. Bxg7 Kxg7 {½-½ (59) Miezis,N (2580)-Vera Siguenas,D (2359) Istanbul 2012}) 11. Bg5 h6 12. Bd2 Nd4 13. Nxd4 cxd4 14. Nb5 Nc6 15. b4 axb4 16. axb4 Bd7 17. Qb3 (17. f4 {keeps more tension.} Ra2 18. Bc1 Qc8 19. Rf2) 17... Qb6 18. f4 {[%emt 0:11:16][%cal Bf2f4,Bf4f5][%mdl 32] Against Ne5} Kh7 (18... Nb8 $14) 19. Na3 $16 Qc7 20. c5 Be6 21. Qb2 dxc5 22. bxc5 Rfb8 (22... Qd8 $14) 23. f5 Bd7 24. Nb5 {[%emt 0:00:01] White is more active.} (24. Nc4 $16) 24... Qd8 $11 25. Qb3 $36 {[%emt 0:00:02][%mdl 2048] Black is under pressure.} e6 $2 (25... g5 $11) 26. Bh3 $2 (26. Nd6 $18 Ne5 27. Nxf7 $1 (27. Nxb7 $2 Qe7 $19) 27... Nxf7 28. fxe6) 26... Na5 $2 (26... gxf5 $2 27. exf5 b6 28. fxe6 fxe6 29. Bxe6 bxc5 30. Bd5 $18) (26... b6 $1 $11 {and Black stays safe.} 27. Bf4 (27. fxe6 fxe6 28. Bxe6 bxc5 $11) 27... Na5) 27. Qd1 $18 {[%emt 0:00:25] Black must now prevent Nd6.} ({Less strong is} 27. fxg6+ fxg6 28. Qb2 b6 $16) 27... b6 {[%emt 0:00:32] [#]} (27... Bxb5 $142 28. fxg6+ fxg6) 28. Nd6 $1 bxc5 $2 (28... Be8 29. Nxe8 Qxe8 30. Rxb6 Rxb6 31. cxb6 Nb7) 29. Nxf7 {[%emt 0:00:02] Weighted Error Value: White=0.20 (precise) /Black=0.56} 1-0